 Dungeon Crawl Stone Soup version 0.28-a0-697-g47f3eba078 (webtiles) character file.

Game seed: 7770335610632894617

3 siradein the Caller (level 1, 0/13 HPs)
             Began as a Demonspawn Summoner on Oct 23, 2021.
             Slain by a quokka (4 damage)
             ... on level 1 of the Dungeon.
             The game lasted 00:00:24 (326 turns).

siradein the Caller (Demonspawn Summoner)            Turns: 326, Time: 00:00:24

Health: 0/13       AC:  2    Str:  8    XL:     1   Next: 41%
Magic:  2/3        EV: 12    Int: 16    God:
Gold:   0          SH:  0    Dex: 13    Spells: 3/4 levels left

rFire   . . .      SeeInvis .   (no weapon)
rCold   . . .      Faith    .   (no shield)
rNeg    . . .      Spirit   .   a - +0 robe
rPois   .          Reflect  .   (no helmet)
rElec   .          Harm     .   (no cloak)
rCorr   .          Rampage  .   (no gloves)
Will    .....                   (no boots)
Stlth   ++........              (no amulet)
HPRegen 0.04/turn               (no ring)
MPRegen 0.08/turn               (no ring)

@: no status effects
A: no striking features
a: no special abilities


You were on level 1 of the Dungeon.
You visited 1 branch of the dungeon, and saw 1 of its levels.

Inventory:

Armour
 a - a +0 robe (worn)


   Skills:
 + Level 1.9 Dodging
 - Level 1.7 Stealth
 + Level 2.0 Spellcasting
 + Level 4.0 Summonings


You had 3 spell levels left.
You knew the following spells:

 Your Spells              Type           Power      Damage    Failure   Level
a - Summon Small Mammal   Summ           56%        N/A       3%          1

Your spell library contained the following spells:

 Spells                   Type           Power      Damage    Failure   Level
 Call Imp                 Summ           14%        N/A       6%          2
 Call Canine Familiar     Summ           14%        N/A       12%         3
 Summon Guardian Golem    Hex/Summ       8%         N/A       26%         3
 Summon Lightning Spire   Summ/Air       8%         N/A       65%         4


Dungeon Overview and Level Annotations

Branches:
Dungeon (1/15)

Altars:


Message History

The ball python constricts you.
Your quokka barely misses the ball python.
You barely miss the ball python. The ball python completely misses you.
The ball python constricts you.
Your quokka bites the ball python.
The ball python dies!
There is an open door here.
You see here a ball python corpse.
Key pressed, stopping explore.
Your quokka disappears in a puff of smoke!
HP restored.
A quokka comes into view.
A quokka is nearby!
A quokka is nearby!
You hit the quokka but do no damage. The quokka bites you.
You barely miss the quokka. The quokka bites you.
You hit the quokka but do no damage.
The quokka bites you but does no damage.
You hit the quokka but do no damage. The quokka closely misses you.
The quokka bites you.
You closely miss the quokka. The quokka closely misses you.
You hit the quokka but do no damage. The quokka misses you.
You closely miss the quokka. The quokka misses you.
You barely miss the quokka. The quokka closely misses you.
You closely miss the quokka. The quokka bites you.
The quokka closely misses you.
You are too injured to fight recklessly!
You are too injured to fight recklessly!
Casting: Summon Small Mammal (safe; 3% risk of failure)
Confirm with . or Enter, or press ? or * to list all spells.
The quokka bites you but does no damage.
You barely miss the quokka. The quokka closely misses you.
You closely miss the quokka. The quokka bites you.
Your quokka bites the quokka.
You hit the quokka.
The quokka is almost dead.
The quokka closely misses you.
Your quokka barely misses the quokka.
You hit the quokka but do no damage.
The quokka is almost dead.
The quokka bites you.
You die...

#..# .P...P.#..#
#..# P.$.P..#..#♣
#..# .P.P.......♣
##'# ..........♣
##..#######......♣
#....#..........♣♣
#<...#..........♣
##..#######....♣♣
####......:@..♣
.......rr.♣
♣.........♣
♣♣........#
♣........#
♣♣......^#
♣♣......# ♣♣♣.#..#


You could see a quokka (ally target) and a friendly quokka (summoned).

Vanquished Creatures (collateral kills)
  2 ball pythons (D:1)
  A rat (D:1)
3 creatures vanquished.

Notes
Turn   | Place    | Note
-------+----------+-------------------------------------------
     0 | D:1      | siradein the Demonspawn Summoner began the quest for the
                  | Orb.
     0 | D:1      | Reached XP level 1. HP: 13/13 MP: 3/3
   326 | D:1      | Slain by a quokka

Illustrated notes

Levels and vault maps discovered:
D:1:      sevenhm_arrival_forest_fort_large_4, layout_loops_cross, minivault_19,
          minmay_shallow_snake_nest

Action                   || total
-------------------------++-------
Melee: Unarmed           ||    20
 Cast: Summon Small Mamm ||     4
Armor: Robe              ||     7
Dodge: Dodged            ||    15

Table legend: (Time is in decaauts)
 A = Elapsed time spent in this place.
 B = Non-inter-level travel time spent in this place.
 C = Inter-level travel time spent in this place.
 D = Time resting spent in this place.
 E = Time spent auto-exploring this place.
 F = Levels seen in this place.
 G = Mean time per level.
                   A        B        C        D        E       F      G
               +--------+--------+--------+--------+--------+-----+--------+
         Total |    326 |    326 |      0 |      0 |    287 |   1 |  326.0 |
       Dungeon |    326 |    326 |      0 |      0 |    287 |   1 |  326.0 |
               +--------+--------+--------+--------+--------+-----+--------+

Top non-repeatable levels by time:
     D:1: 326 daAuts
